 Dungeon Crawl Stone Soup version 0.23-a0-241-g3b46b07 (webtiles) character file.

313783 Amnesiac the Metallomancer (level 20, -11/114 (115) HPs)
             Began as a Deep Elf Earth Elementalist on Sept 27, 2018.
             Was the Champion of Vehumet.
             Blown up by an eye of devastation (39 damage)
             ... with a bolt of energy
             ... on level 5 of the Pits of Slime.
             The game lasted 01:34:12 (38097 turns).

Amnesiac the Metallomancer (DEEE)                  Turns: 38097, Time: 01:34:13

HP:   -11/114 (115) AC:  8    Str:  7    XL:     20   Next: 47%
MP:   60/78         EV: 21    Int: 54    God:    Vehumet [******]
Gold: 2060          SH:  8    Dex: 13    Spells: 3/61 levels left

rFire    x . .     SeeInvis .   a - +1 flail "Acush" {flame, *Noise MR+ Int+8 Stlth+}
rCold    + . .     Gourm    .   e - +3 buckler {rPois}
rNeg     + + .     Faith    .   k - +2 robe of Tistrini {MR- MP+9 Str+4 Int+4}
rPois    +         Spirit   .   y - +0 Maxwell's etheric cage {RegenMP+ *Contam rElec MP+4}
rElec    +         Reflect  .   J - scarf {repulsion}
rCorr    .         Harm     .   H - +0 pair of gloves of Circular Logic {rF- rC+ Int+8}
MR       ++...     Clarity  +   r - +1 pair of boots {Fly}
Stlth    +++.......             Q - amulet "Feijuump" {RegenMP *Drain rPois rN++ MP+9}
HPRegen  0.29/turn              g - ring of magical power MPRegen 1.21/turn*
                                S - +4 ring of intelligence

@: flying, repel missiles
A: clarity, clumsy 1, frail 1, weak 1
}: 2/15 runes: serpentine, barnacled
a: Renounce Religion, Stop Flying


You were on level 5 of the Pits of Slime.
You worshipped Vehumet.
Vehumet was exalted by your worship.
You were not hungry.

You visited 8 branches of the dungeon, and saw 35 of its levels.
You also visited: Ossuary.

You collected 5901 gold pieces.
You spent 3841 gold pieces at shops.

Inventory:

Hand Weapons
 a - the +1 flail "Acush" (weapon) {flame, *Noise MR+ Int+8 Stlth+}
   (You took it off a deep elf sorcerer on level 3 of the Elven Halls)

   It has been specially enchanted to burn those struck by it, causing extra
   injury to most foes and up to half again as much damage against particularly
   susceptible opponents.
   It affects your intelligence (+8).
   It affects your resistance to hostile enchantments.
   It may make noises in combat.
   It makes you more stealthy.
 b - a +4 quick blade of draining
Missiles
 m - 965 stones (quivered)
Armour
 e - a +3 buckler of poison resistance (worn)
 i - a +2 leather armour of fire resistance
 k - the +2 robe of Tistrini (worn) {MR- MP+9 Str+4 Int+4}
   (You bought it in a shop on level 2 of the Orcish Mines)

   It affects your strength (+4).
   It affects your intelligence (+4).
   It affects your resistance to hostile enchantments.
   It affects your magic capacity (+9).
 n - the +1 scale mail "Athoel" {+Blink rF+++ rCorr Dex-5}
   (You bought it in a shop on level 1 of the Snake Pit)

   It affects your dexterity (-5).
   It renders you almost immune to fire.
   It lets you blink.
   It provides partial protection from all sources of acid and corrosion.
 r - a +1 pair of boots of flying (worn)
 y - the +0 Maxwell's etheric cage (worn) {RegenMP+ *Contam rElec MP+4}
   (You bought it in a shop on level 1 of the Snake Pit)

   It insulates you from electricity.
   It affects your magic capacity (+4).
   It causes magical contamination when unequipped.
 H - the +0 pair of gloves of Circular Logic (worn) {rF- rC+ Int+8}
   (You found it on level 2 of the Elven Halls)

   It affects your intelligence (+8).
   It makes you vulnerable to fire.
   It protects you from cold.
 J - a scarf of repulsion (worn)
Magical Staves
 Y - an uncursed staff of power
Jewellery
 g - a ring of magical power (left hand)
 F - an uncursed ring of wizardry
 Q - the amulet "Feijuump" (around neck) {RegenMP *Drain rPois rN++ MP+9}
   (You found it on level 3 of the Lair of Beasts)

   [amulet of magic regeneration]

   It increases your magic regeneration.
   It protects you from poison.
   It greatly protects you from negative energy.
   It affects your magic capacity (+9).
   It causes draining when unequipped.
 S - a +4 ring of intelligence (right hand)
 T - an uncursed ring of resist corrosion
Wands
 f - a wand of paralysis (8)
 G - a wand of acid (7)
 U - a wand of digging (18)
Scrolls
 o - 12 scrolls of teleportation {!r}
 q - a scroll of summoning {!r}
 s - 4 scrolls of identify {!r}
 x - 3 scrolls of immolation {!r}
 A - 3 scrolls of fear {!r}
 B - 4 scrolls of magic mapping {!r}
 D - a scroll of silence {!r}
 I - 6 scrolls of remove curse {!r}
 K - a scroll of enchant armour {!r}
 M - 2 scrolls of vulnerability {!r}
 V - 5 scrolls of fog {!r}
Potions
 c - a potion of ambrosia {!q}
 h - 3 potions of magic {!q}
 j - 5 potions of agility {!q}
 l - 10 potions of curing {!q}
 p - 9 potions of lignification {!q}
 t - 5 potions of flight {!q}
 u - 4 potions of might {!q}
 v - 2 potions of heal wounds {!q}
 w - 4 potions of haste {!q}
 z - 5 potions of cancellation {!q}
 C - 3 potions of berserk rage {!q}
 E - 2 potions of mutation {!q}
 N - a potion of resistance {!q}
 O - 5 potions of brilliance {!q}
 P - a potion of invisibility {!q}
Comestibles
 d - 42 rations


   Skills:
 - Level 14.5 Fighting
 - Level 14.5 Dodging
 - Level 2.4 Stealth
 - Level 4.0 Shields
 + Level 21.0 Spellcasting
 - Level 15.0 Translocations
 - Level 1.1 Transmutations
 * Level 22.2 Earth Magic


You had 3 spell levels left.
You knew the following spells:

 Your Spells              Type           Power        Failure   Level  Hunger
a - Iron Shot             Conj/Erth      ########..   1%          6    None
b - Passwall              Tmut/Erth      ########     0%          2    None
c - Sandblast             Erth           ######       0%          1    None
d - Lee's Rapid Deconstr  Erth           ########..   0%          5    None
e - Disjunction           Tloc           ########..   3%          8    None
g - Controlled Blink      Tloc           N/A          3%          8    None
i - Orb of Destruction    Conj           ######....   41%         7    None
j - Apportation           Tloc           ######       0%          1    None
r - Regeneration          Chrm/Necr      ######....   1%          3    None
s - Conjure Flame         Conj/Fire      ######..     1%          3    None
v - Blink                 Tloc           N/A          0%          2    None
w - Shatter               Erth           ########..   1%          9    None
z - Ozocubu's Armour      Chrm/Ice       ######..     1%          3    None

Your spell library contained the following spells:

 Spells                   Type           Power        Failure   Level  Hunger
 Chain Lightning          Conj/Air       ######....   96%         8    None
 Ignition                 Fire           ######....   96%         8    None
 Shroud of Golubria       Chrm/Tloc      #######...   0%          2    None
 Gell's Gravitas          Tloc           ########..   0%          3    None
 Stone Arrow              Conj/Erth      ######       0%          3    None
 Animate Skeleton         Necr           N/A          1%          1    None
 Confusing Touch          Hex            ######       1%          1    None
 Corona                   Hex            ######.      1%          1    None
 Flame Tongue             Conj/Fire      #####        1%          1    None
 Freeze                   Ice            ####         1%          1    None
 Infusion                 Chrm           ####         1%          1    None
 Magic Dart               Conj           ####         1%          1    None
 Pain                     Necr           ####         1%          1    None
 Sting                    Conj/Pois      ####         1%          1    None
 Summon Small Mammal      Summ           ####         1%          1    None
 Call Imp                 Summ           ######..     1%          2    None
 Poisonous Vapours        Pois/Air       ######       1%          2    None
 Slow                     Hex            ######..     1%          2    None
 Song of Slaying          Chrm           ######..     1%          2    None
 Throw Flame              Conj/Fire      ######       1%          2    None
 Throw Frost              Conj/Ice       ######       1%          2    None
 Inner Flame              Hex/Fire       ######..     1%          3    None
 Mephitic Cloud           Conj/Pois/Air  ######..     1%          3    None
 Portal Projectile        Hex/Tloc       ######       1%          3    None
 Spectral Weapon          Hex/Chrm       ######..     1%          3    None
 Vampiric Draining        Necr           ######....   1%          3    None
 Force Lance              Conj/Tloc      #######.     1%          4    None
 Olgreb's Toxic Radiance  Pois           ######..     1%          4    None
 Petrify                  Tmut/Erth      ########     1%          4    None
 Sticky Flame             Conj/Fire      ######..     1%          4    None
 Throw Icicle             Conj/Ice       ######..     1%          4    None
 Fireball                 Conj/Fire      ######....   1%          5    None
 Venom Bolt               Conj/Pois      ######....   1%          5    None
 Yara's Violent Unravell  Hex/Tmut       ######....   1%          5    None
 Dispersal                Tloc           ########..   1%          6    None
 Statue Form              Tmut/Erth      ########.    1%          6    None
 Animate Dead             Necr           N/A          2%          4    None
 Cause Fear               Hex            ######....   2%          4    None
 Summon Ice Beast         Ice/Summ       ######..     2%          4    None
 Silence                  Hex/Air        ######....   6%          5    None
 Deflect Missiles         Chrm/Air       ######....   32%         6    None
 Invisibility             Hex            ######..     32%         6    None
 Discord                  Hex            ######....   100%        8    None


Dungeon Overview and Level Annotations

Branches:
Dungeon (10/15)            Temple (1/1) D:4            Lair (6/6) D:8
 Shoals (4/4) Lair:3        Snake (4/4) Lair:3        Slime (5/5) Lair:6
    Orc (2/2) D:10            Elf (3/3) Orc:2

Altars:
Ashenzari
Cheibriados
Dithmenos
Elyvilon
Fedhas
Gozag
Hepliaklqana
Kikubaaqudgha
Makhleb
Nemelex Xobeh
Okawaru
Qazlal
Ru
Sif Muna
Trog
Uskayaw
Vehumet
Wu Jian
Xom
Yredelemnul
Zin
The Shining One
Beogh
Jiyva

Shops:
Orc:2 :**[   Shoals:4 *   Snake:1 ([}:[   Snake:2 }}=

Portals:
Trove: D:10 (give 6 scrolls of blinking)

Annotations:
Slime:5 Royal Jelly


Innate Abilities, Weirdness & Mutations

You possess an exceptional clarity of mind.
You are clumsy. (Dex -2)
You are frail. (-10% HP)
You are weak. (Str -2)


Message History

The eye of devastation turns its gaze towards you.
There is a stone staircase leading up, spattered with blood here.
Casting: Shatter (safe; 1% risk of failure)
Confirm with . or Enter, or press ? or * to list all spells.
The dungeon rumbles!
The death ooze is moderately damaged.
The slime creature is severely wounded.
The eye of devastation is almost dead.
The slime creature is lightly wounded.
The eye of devastation is severely wounded.
The slime creature is moderately wounded.
The azure jelly misses you. You block the azure jelly's attack.
The azure jelly hits you. The azure jelly hits you!
A slime creature comes into view.
The death ooze completely misses you.
The death ooze hits you but does no damage.
An acid blob comes into view.
The slime creature hits you! The azure jelly misses you.
The azure jelly hits you but does no damage.
The azure jelly barely misses you. x2
The slime creature quivers.
Unknown command.
Casting: Shatter (safe; 1% risk of failure)
Confirm with . or Enter, or press ? or * to list all spells.
The dungeon rumbles!
The slime creature is almost dead.
You destroy the death ooze!
Vehumet accepts your kill.
The azure jelly is lightly wounded.
You kill the eye of devastation!
Vehumet accepts your kill.
The slime creature is moderately wounded.
You kill the slime creature!
Vehumet accepts your kill.
You feel your power returning.
The slime creature is heavily wounded.
The acid blob is lightly wounded.
The eye of devastation gazes at you. The bolt of energy misses you.
You block the azure jelly's attack. The azure jelly closely misses you.
The azure jelly misses you. The azure jelly hits you!
The slime creature hits you!
* * * LOW HITPOINT WARNING * * *
Unknown command.
Casting: Shatter (safe; 1% risk of failure)
Confirm with . or Enter, or press ? or * to list all spells.
The dungeon rumbles!
You kill the slime creature!
Vehumet accepts your kill.
You feel your power returning.
The azure jelly is lightly wounded.
The slime creature is moderately wounded.
The acid blob is severely wounded.
You kill the slime creature!
Vehumet accepts your kill.
You feel your power returning. The azure jelly closely misses you.
The azure jelly hits you!
* * * LOW HITPOINT WARNING * * *
The azure jelly freezes you!! You resist.
* * * LOW HITPOINT WARNING * * *
The azure jelly misses you. The azure jelly barely misses you.
A slime creature comes into view.
The eye of devastation gazes at you. The bolt of energy hits you!
You die...

J..............
...............
..J............
.......G.......
...............
...............
......J........
J......@.......
........J......
...............
...............
...............
...............
...............
...............


You could see an acid blob, an azure jelly, 2 slime creatures, an eye of
devastation and a death ooze.

Vanquished Creatures
  2 deep elf master archers (Elf:3)
  A titan (Shoals:1)
  2 deep elf blademasters (Elf:3)
  A kraken (Shoals:1)
  Polyphemus (Shoals:3)
  24 acid blobs
  8 azure jellies
  9 nagarajas
  Roxanne (Elf:1)
  8 deep elf sorcerers
  An orc warlord (Elf:1)
  Louise (Snake:1)
  9 deep elf elementalists (Elf:3)
  A stone giant (Shoals:1)
  5 deep elf demonologists (Elf:3)
  6 deep elf annihilators (Elf:3)
  An ettin (Orc:2)
  4 merfolk javelineers
  6 deep elf death magi
  5 merfolk impalers
  5 death oozes
  Josephine (Snake:1)
  5 great orbs of eyes
  Harold (D:7)
  6 hydras
  2 alligator snapping turtles (Shoals:4)
  12 naga warriors
  2 catoblepae
  9 anacondas
  3 merfolk avatars
  5 satyrs
  4 death yaks (Shoals:3)
  5 merfolk aquamancers
  27 dancing weapons
  5 shock serpents
  Urug (Lair:3)
  13 naga sharpshooters
  A shock serpent (shapeshifter) (Elf:3)
  15 deep elf knights
  Sonja (D:10)
  2 salamander mystics
  A fire crab (Lair:6)
  11 sea snakes
  Pikel (D:7)
  9 naga ritualists
  16 harpies
  12 deep elf archers
  5 orc knights
  50 deep elf magi
  2 orc sorcerers (Orc:2)
  10 fauns
  7 shining eyes
  A mana viper (shapeshifter) (Elf:3)
  10 mana vipers
  10 salamanders
  4 cyclopes
  12 elephants
  12 manticores
  A guardian serpent (Snake:3)
  6 water nymphs
  A moth of wrath (shapeshifter) (Elf:3)
  6 eyes of devastation
  32 black mambas
  5 merfolk sirens
  30 naga magi
  16 spiny frogs
  A komodo dragon (shapeshifter) (Elf:3)
  12 komodo dragons
  5 rime drakes
  The ghost of nht the Digger, a novice OpEE (D:4)
  A jumping spider (shapeshifter) (Elf:2)
  A troll (Orc:2)
  21 merfolk
  5 wind drakes
  5 polar bears
  A troll (shapeshifter) (Elf:1)
  97 slime creatures
  8 snapping turtles
  6 dream sheep
  18 blink frogs
  13 hippogriffs
  12 water elementals
  Sigmund (D:5)
  5 air elementals
  A basilisk (Lair:1)
  9 wyverns
  29 yaks
  5 wraiths
  2 fire elementals
  6 golden eyes
  2 hungry ghosts
  Edmund (D:6)
  39 nagas
  3 wargs (Orc:1)
  12 water moccasins
  A floating eye (Slime:2)
  8 porcupines
  Duvessa (D:4)
  38 orc warriors
  A sky beast (D:9)
  8 eyes of draining
  4 slaves (D:7)
  A black bear (D:9)
  4 phantoms
  2 necrophages
  9 ogres
  21 centaurs
  20 crocodiles
  13 bullfrogs
  A big kobold (D:9)
  Dowan (D:4)
  3 earth elementals
  A wyvern skeleton (D:8)
  A scorpion (D:6)
  3 killer bees (D:7)
  5 howler monkeys
  3 crimson imps
  15 orc priests
  Crazy Yiuf (D:6)
  3 hounds
  2 jellies (Lair:6)
  10 orc wizards
  4 bullfrog skeletons
  A centaur skeleton (D:4)
  3 iguanas
  10 worker ants
  A hound skeleton (D:9)
  8 mummies (Ossuary)
  7 gnolls
  12 adders
  2 shadow imps (D:9)
  2 adder skeletons
  6 worms
  A dart slug (D:2)
  A leopard gecko (D:4)
  76 orcs
  5 bats
  8 giant cockroaches
  A gnoll zombie (Ossuary)
  7 goblins
  3 hobgoblins (D:3)
  5 jackals (D:3)
  8 quokkas
  A ball python (D:1)
  A ball python skeleton (D:4)
  5 frilled lizards
  A giant cockroach zombie (D:6)
  2 hobgoblin zombies (Ossuary)
  A jackal skeleton (D:3)
  6 kobolds
  2 kobold zombies (Ossuary)
  A leopard gecko skeleton (D:8)
  3 orc zombies (Ossuary)
  A quokka skeleton (D:7)
  2 quokka zombies (D:5)
  4 rats
  A fungus (Lair:6)
  15 plants
  A tentacle (Shoals:1)
1211 creatures vanquished.

Vanquished Creatures (others)
  13 fungi
  15 plants
  3 tentacles (Shoals:1)
31 creatures vanquished.

Grand Total: 1242 creatures vanquished

Notes
Turn   | Place    | Note
-------+----------+-------------------------------------------
     0 | D:1      | Amnesiac the Deep Elf Earth Elementalist began the quest
                  | for the Orb.
     0 | D:1      | Reached XP level 1. HP: 10/10 MP: 6/6
   116 | D:3      | Reached XP level 2. HP: 15/15 MP: 1/8
   124 | D:3      | Learned a level 2 spell: Passwall
   184 | D:3      | Reached skill level 4 in Earth Magic
   240 | D:3      | Reached XP level 3. HP: 11/19 MP: 5/10
   246 | D:3      | Learned a level 3 spell: Stone Arrow
   393 | D:4      | Noticed Duvessa
   394 | D:4      | Noticed Dowan
   419 | D:4      | Found a staircase to the Ecumenical Temple.
   424 | Temple   | Entered the Ecumenical Temple
   481 | Temple   | Became a worshipper of Vehumet
   511 | D:4      | Found a transporter.
   546 | D:2      | Found a blossoming altar of Fedhas.
  1305 | D:2      | Reached XP level 4. HP: 24/24 MP: 4/12
  1451 | D:2      | Noticed a necrophage
  1458 | D:2      | Killed a necrophage
  1458 | D:2      | Reached skill level 5 in Earth Magic
  1458 | D:2      | Reached XP level 5. HP: 24/27 MP: 8/14
  1663 | D:2      | Learned a level 5 spell: Lee's Rapid Deconstruction
  1742 | D:3      | Reached * piety under Vehumet
  1742 | D:3      | Offered knowledge of Shock by Vehumet.
  1905 | D:3      | Reached skill level 5 in Spellcasting
  2068 | D:3      | Reached skill level 6 in Earth Magic
  2235 | D:4      | Reached XP level 6. HP: 31/31 MP: 10/16
  2314 | D:4      | Reached skill level 7 in Earth Magic
  2433 | D:4      | Noticed nht's ghost (novice OpEE)
  2434 | D:4      | Found a transporter.
  2843 | D:4      | Learned a level 4 spell: Petrify
  2879 | D:4      | Killed Duvessa
  2879 | D:4      | Reached XP level 7. HP: 34/35 MP: 4/18
  2901 | D:4      | Killed Dowan
  3077 | D:4      | Killed nht's ghost
  3077 | D:4      | Reached skill level 8 in Earth Magic
  3282 | D:4      | Reached skill level 9 in Earth Magic
  3282 | D:4      | Reached XP level 8. HP: 40/40 MP: 15/21
  3420 | D:5      | Entered Level 5 of the Dungeon
  3420 | D:5      | Noticed Sigmund
  3425 | D:5      | Killed Sigmund
  3425 | D:5      | Reached ** piety under Vehumet
  3426 | D:5      | Offered knowledge of Throw Frost by Vehumet.
  3519 | D:5      | Reached skill level 10 in Earth Magic
  3795 | D:5      | Found a sand-covered staircase.
  3877 | Ossuary  | Entered an ossuary
  3890 | Ossuary  | Offered knowledge of Ignite Poison by Vehumet.
  4131 | Ossuary  | Reached *** piety under Vehumet
  4735 | D:6      | Found a stormy altar of Qazlal.
  4849 | D:6      | Found a runed door.
  5158 | D:6      | Reached XP level 9. HP: 44/44 MP: 10/24
  5303 | D:6      | Noticed Edmund
  5311 | D:6      | Killed Edmund
  5311 | D:6      | Reached skill level 11 in Earth Magic
  5485 | D:6      | Noticed Crazy Yiuf
  5489 | D:6      | Killed Crazy Yiuf
  5617 | D:7      | Noticed Pikel
  5702 | D:7      | Offered knowledge of Fulminant Prism by Vehumet.
  5909 | D:7      | Noticed Harold
  5918 | D:7      | Killed Harold
  5918 | D:7      | Reached skill level 10 in Spellcasting
  5918 | D:7      | Reached skill level 12 in Earth Magic
  6074 | D:7      | Killed Pikel
  6182 | D:7      | Found an iron altar of Okawaru.
  6583 | D:8      | Reached XP level 10. HP: 49/49 MP: 7/27
  6798 | D:8      | Learned a level 3 spell: Ozocubu's Armour
  6816 | D:8      | Reached skill level 13 in Earth Magic
  7047 | D:8      | Found a staircase to the Lair.
  7224 | D:8      | Reached **** piety under Vehumet
  7919 | D:9      | Offered knowledge of Airstrike by Vehumet.
  7937 | D:9      | Learned a level 4 spell: Airstrike
  8362 | D:9      | Reached ***** piety under Vehumet
  8372 | D:9      | Offered knowledge of Poison Arrow by Vehumet.
  8485 | D:9      | Found a roughly hewn altar of Beogh.
  8734 | D:9      | Reached skill level 14 in Earth Magic
  9176 | D:10     | Entered Level 10 of the Dungeon
  9183 | D:10     | Noticed Sonja
  9186 | D:10     | Killed Sonja
  9220 | D:10     | Found a portal to a secret trove of treasure.
  9462 | D:10     | Found a staircase to the Orcish Mines.
  9604 | D:10     | Learned a level 2 spell: Blink
  9608 | D:10     | Learned a level 3 spell: Mephitic Cloud
  9612 | D:10     | Learned a level 3 spell: Conjure Flame
  9660 | D:10     | Reached XP level 11. HP: 53/53 MP: 9/29
  9856 | Orc:1    | Entered Level 1 of the Orcish Mines
 10185 | Orc:1    | Reached skill level 15 in Earth Magic
 10710 | Orc:2    | Entered Level 2 of the Orcish Mines
 10710 | Orc:2    | Found a staircase to the Elven Halls.
 10714 | Orc:2    | Offered knowledge of Yara's Violent Unravelling by Vehumet.
 10721 | Orc:2    | Noticed an orc sorcerer
 10872 | Orc:2    | Noticed an orc sorcerer
 11128 | Orc:2    | Noticed an orc knight
 11320 | Orc:2    | Killed an orc knight
 11518 | Orc:2    | Noticed an orc knight
 11525 | Orc:2    | Killed an orc knight
 11727 | Orc:2    | Noticed an orc knight
 11981 | Orc:2    | Killed an orc sorcerer
 11981 | Orc:2    | Reached skill level 16 in Earth Magic
 12375 | Orc:2    | Killed an orc knight
 12975 | Orc:2    | Killed an orc sorcerer
 13432 | Orc:2    | Noticed an ettin
 13439 | Orc:2    | Killed an ettin
 13612 | Orc:2    | Found Teinifud's Assorted Antiques.
 13612 | Orc:2    | Found Orchae's Assorted Antiques.
 13614 | Orc:2    | Found Lepuz's Book Shoppe.
 13616 | Orc:2    | Found Nixasouk's Antique Armour Boutique.
 13620 | Orc:2    | Bought a viscous blue potion for 32 gold pieces
 13621 | Orc:2    | Bought a scroll labeled AHIOLI KOPN for 38 gold pieces
 13629 | Orc:2    | Bought an ominously black robe for 176 gold pieces
 13639 | Orc:2    | Identified the +2 robe of Tistrini {MR- MP+9 Str+4 Int+4}
                  | (You bought it in a shop on level 2 of the Orcish Mines)
 13857 | Lair:1   | Entered Level 1 of the Lair of Beasts
 13883 | Lair:1   | Reached XP level 12. HP: 58/58 MP: 23/32
 13883 | Lair:1   | Noticed a four-headed hydra
 13886 | Lair:1   | Killed a four-headed hydra
 13906 | Lair:1   | Noticed a four-headed hydra
 13910 | Lair:1   | Killed a four-headed hydra
 13910 | Lair:1   | Reached skill level 17 in Earth Magic
 14197 | Lair:1   | Reached skill level 15 in Spellcasting
 15056 | Lair:2   | Reached skill level 18 in Earth Magic
 15153 | Lair:2   | Noticed a four-headed hydra
 15155 | Lair:2   | Killed a four-headed hydra
 15748 | Lair:2   | Reached XP level 13. HP: 58/62 MP: 34/34
 16101 | Lair:3   | Offered knowledge of Iron Shot by Vehumet.
 16115 | Lair:3   | Learned a level 6 spell: Iron Shot
 16128 | Lair:3   | Got a slimy bone amulet
 16129 | Lair:3   | Identified the amulet "Feijuump" {RegenMP *Drain rPois rN++
                  | MP+9} (You found it on level 3 of the Lair of Beasts)
 16272 | Lair:3   | Noticed Urug
 16277 | Lair:3   | Killed Urug
 16463 | Lair:3   | Found a staircase to the Snake Pit.
 16573 | Lair:3   | Learned a level 3 spell: Regeneration
 16835 | Lair:3   | Found a staircase to the Shoals.
 16994 | Lair:3   | Reached skill level 19 in Earth Magic
 18037 | Lair:5   | Got a transparent leather armour
 18213 | Lair:5   | Got a bloodstained dagger
 18749 | Lair:6   | Entered Level 6 of the Lair of Beasts
 18973 | Lair:6   | Reached skill level 20 in Earth Magic
 19056 | Lair:6   | Offered knowledge of Venom Bolt by Vehumet.
 19071 | Lair:6   | Identified the cursed +1 leather armour of Gafa {-Tele
                  | Str+4 SInv} (You found it on level 5 of the Lair of Beasts)
 19091 | Lair:6   | Reached XP level 14. HP: 67/67 MP: 37/37
 19400 | Lair:6   | Identified the +2 dagger "Jelly's Nightmare" {drain, rC+
                  | MR+ Dex-3} (You found it on level 5 of the Lair of Beasts)
 19681 | Lair:6   | Found a shimmering altar of Xom.
 19705 | Lair:6   | Found a staircase to the Slime Pits.
 20237 | Elf:1    | Entered Level 1 of the Elven Halls
 20453 | Elf:1    | Noticed a deep elf sorcerer
 20456 | Elf:1    | Killed a deep elf sorcerer
 20526 | Elf:1    | Noticed Roxanne
 20530 | Elf:1    | HP: 2/67 [deep elf archer/arrow (28)]
 20531 | Elf:1    | Killed Roxanne
 20536 | Elf:1    | Noticed an orc warlord
 20883 | Elf:1    | Killed an orc warlord
 20883 | Elf:1    | Reached skill level 1 in Fighting
 20883 | Elf:1    | Reached skill level 1 in Shields
 21111 | Elf:1    | Identified Roxanne's Collected Works on the Rocks (You took
                  | it off Roxanne on level 1 of the Elven Halls)
 21367 | Elf:1    | Reached skill level 5 in Dodging
 21419 | Elf:1    | Noticed a deep elf sorcerer
 21420 | Elf:1    | Reached XP level 15. HP: 63/75 MP: 41/41
 21623 | Elf:1    | Killed a deep elf sorcerer
 21631 | Elf:1    | Got a shadowed robe
 21665 | Elf:1    | Identified the +1 robe "Amyreoh" {rN+} (You took it off a
                  | deep elf mage on level 1 of the Elven Halls)
 21781 | Elf:2    | Offered knowledge of Spellforged Servitor by Vehumet.
 21796 | Elf:2    | Noticed a deep elf sorcerer
 21809 | Elf:2    | Got a pair of warped gloves
 21820 | Elf:2    | Identified the +0 pair of gloves of Circular Logic {rF- rC+
                  | Int+8} (You found it on level 2 of the Elven Halls)
 21821 | Elf:2    | Killed a deep elf sorcerer
 21916 | Elf:2    | Noticed a deep elf sorcerer
 21918 | Elf:2    | Killed a deep elf sorcerer
 21996 | Elf:2    | Got an ichor-stained hunting sling
 22057 | Elf:2    | Identified the +8 hunting sling of Armageddon {flame, *Slow
                  | rF+ Int+7} (You found it on level 2 of the Elven Halls)
 22527 | Elf:2    | Found a runed gate.
 22527 | Elf:2    | Found a runed gate.
 22528 | Elf:2    | Found a runed gate.
 22642 | Elf:2    | Reached ****** piety under Vehumet
 22747 | Elf:2    | Reached skill level 10 in Dodging
 22966 | Elf:2    | Reached skill level 5 in Fighting
 23215 | Elf:3    | Entered Level 3 of the Elven Halls
 23224 | Elf:3    | Learned a level 7 spell: Spellforged Servitor
 23262 | Elf:3    | Offered knowledge of Freezing Cloud by Vehumet.
 23474 | Elf:3    | Reached XP level 16. HP: 86/86 MP: 42/42
 23728 | Elf:3    | Got a brightly glowing rapier {freeze}
 23733 | Elf:3    | Identified the +8 rapier "Ofogad" {freeze, MR+ Stlth+} (You
                  | took it off a deep elf mage on level 3 of the Elven Halls)
 24022 | Elf:3    | Reached skill level 21 in Earth Magic
 24036 | Elf:3    | Noticed a deep elf blademaster
 24038 | Elf:3    | Killed a deep elf master archer
 24039 | Elf:3    | Killed a deep elf blademaster
 24042 | Elf:3    | Noticed a deep elf blademaster
 24045 | Elf:3    | Killed a deep elf blademaster
 24045 | Elf:3    | Noticed a deep elf master archer
 24047 | Elf:3    | Killed a deep elf master archer
 24316 | Elf:3    | Reached XP level 17. HP: 95/95 MP: 43/43
 24342 | Elf:3    | Got a smoking flail {flame}
 24343 | Elf:3    | Identified the +1 flail "Acush" {flame, *Noise MR+ Int+8
                  | Stlth+} (You took it off a deep elf sorcerer on level 3 of
                  | the Elven Halls)
 24440 | Elf:3    | Got a bloodstained scale mail
 24451 | Elf:3    | Identified the +2 scale mail of the Hall of Blades {rElec
                  | rPois rC+ SInv} (You found it on level 3 of the Elven
                  | Halls)
 24460 | Elf:3    | Got a faintly humming plate armour
 24471 | Elf:3    | Identified the +8 plate armour of Uwoes {+Inv rC- rCorr
                  | Str-5} (You found it on level 3 of the Elven Halls)
 24471 | Elf:3    | Lost strength.
 24494 | Elf:3    | Got a sapphire hand crossbow
 24495 | Elf:3    | Identified the cursed +0 hand crossbow "Xowkynwenlo" {elec,
                  | Dex+5} (You found it on level 3 of the Elven Halls)
 24843 | Snake:1  | Entered Level 1 of the Snake Pit
 24850 | Snake:1  | Found Sogatott's Antique Armour Boutique.
 24853 | Snake:1  | Bought a transparent helmet for 332 gold pieces
 24853 | Snake:1  | Bought a pair of embroidered boots for 262 gold pieces
 24864 | Snake:1  | Bought a pair of glowing gloves for 262 gold pieces
 24895 | Snake:1  | Identified the +2 helmet "Urourghavu" {-Cast rPois rF++
                  | MR+} (You bought it in a shop on level 1 of the Snake Pit)
 24906 | Snake:1  | Bought a fine scale mail for 315 gold pieces
 24916 | Snake:1  | Identified the +1 scale mail "Athoel" {+Blink rF+++ rCorr
                  | Dex-5} (You bought it in a shop on level 1 of the Snake
                  | Pit)
 24916 | Snake:1  | Bought a shimmering chain mail for 332 gold pieces
 24916 | Snake:1  | Bought a faintly glowing chain mail for 332 gold pieces
 24926 | Snake:1  | Identified the cursed +1 chain mail of Ixarouw {-Cast rElec
                  | rPois MR+} (You bought it in a shop on level 1 of the Snake
                  | Pit)
 24937 | Snake:1  | Identified the cursed +0 chain mail of Articulation {rElec
                  | rPois rN++ Dex+2} (You bought it in a shop on level 1 of
                  | the Snake Pit)
 25063 | Snake:1  | Reached skill level 1 in Translocations
 25096 | Snake:1  | Noticed Louise
 25106 | Snake:1  | Killed Louise
 25392 | Snake:1  | Found Oloan's Armour Emporium.
 25395 | Snake:1  | Found Iday's Book Shoppe.
 25395 | Snake:1  | Found Sichasai's Antique Weapon Emporium.
 25398 | Snake:1  | Found Plog's Gadget Shoppe.
 25418 | Snake:1  | Bought the +0 Maxwell's etheric cage {RegenMP+ *Contam
                  | rElec MP+4} for 680 gold pieces
 25418 | Snake:1  | Found the +0 Maxwell's etheric cage {RegenMP+ *Contam rElec
                  | MP+4}
 25572 | Snake:1  | Noticed Josephine
 25574 | Snake:1  | Killed Josephine
 25574 | Snake:1  | Offered knowledge of Orb of Destruction by Vehumet.
 25713 | Snake:1  | Reached skill level 5 in Translocations
 25914 | Snake:2  | Learned a level 7 spell: Orb of Destruction
 26055 | Snake:2  | Learned a level 1 spell: Apportation
 26325 | Snake:2  | Found a bloodstained altar of Trog.
 26795 | Snake:2  | Found Goaxu's Gadget Emporium.
 26797 | Snake:2  | Found Gusurph's Jewellery Boutique.
 26798 | Snake:2  | Found Heaskani's Gadget Emporium.
 28217 | Snake:4  | Entered Level 4 of the Snake Pit
 28227 | Snake:4  | Reached skill level 10 in Translocations
 28340 | Snake:4  | Offered knowledge of Shatter by Vehumet.
 28340 | Snake:4  | Offered knowledge of Chain Lightning by Vehumet.
 28340 | Snake:4  | Offered knowledge of Ignition by Vehumet.
 28352 | Snake:4  | Learned a level 9 spell: Shatter
 28603 | Snake:4  | Reached XP level 18. HP: 100/100 MP: 44/44
 28654 | Snake:4  | Learned a level 8 spell: Controlled Blink
 28675 | Snake:4  | Got a serpentine rune of Zot
 29271 | Snake:4  | Learned a level 8 spell: Disjunction
 29339 | Snake:2  | Bought an uncursed ring of magical power for 280 gold
                  | pieces
 29410 | Snake:3  | Got a warped rapier {pierce}
 29937 | Elf:3    | Identified the +5 rapier of Mehaaha {pierce, rPois rF+
                  | Str+3} (You took it off a naga warrior on level 3 of the
                  | Snake Pit)
 30204 | Shoals:1 | Entered Level 1 of the Shoals
 30231 | Shoals:1 | Reached skill level 15 in Translocations
 31031 | Shoals:2 | HP: 1/103 [manticore/volley of spikes (10)]
 32096 | Snake:1  | Bought a book of Enchantments for 800 gold pieces
 32334 | Shoals:3 | Noticed Polyphemus
 32337 | Shoals:3 | Killed Polyphemus
 32337 | Shoals:3 | Reached skill level 10 in Fighting
 32593 | Shoals:3 | Reached XP level 19. HP: 112/112 MP: 45/45
 33133 | Shoals:4 | Entered Level 4 of the Shoals
 33391 | Shoals:4 | Found Xetoe's Assorted Antiques.
 33405 | Shoals:4 | Got an encrusted long sword
 33470 | Shoals:4 | Identified the Guide on Execration and the Snowflakes
 33870 | Shoals:4 | Got a barnacled rune of Zot
 34144 | Lair:2   | Identified the +8 long sword "Ocathrewk" {flame, rPois MR+}
                  | (You found it on level 4 of the Shoals)
 34280 | Slime:1  | Entered Level 1 of the Pits of Slime
 34298 | Slime:1  | Gained mutation: You are frail. (-10% HP) [a shining eye]
 34670 | Slime:1  | Found a viscous altar of Jiyva.
 35525 | Slime:2  | Lost mutation: You are frail. (-10% HP) [a shining eye]
 35781 | Slime:4  | Gained mutation: You are clumsy. (Dex -2) [a shining eye]
 35931 | Slime:4  | Gained mutation: You are weak. (Str -2) [a shining eye]
 36076 | Slime:3  | Reached XP level 20. HP: 96/127 MP: 26/46
 36484 | Slime:3  | Found a viscous altar of Jiyva.
 36609 | Slime:4  | Gained mutation: You are frail. (-10% HP) [a shining eye]
 36626 | Slime:4  | Gained mutation: You possess an exceptional clarity of
                  | mind. [a shining eye]
 36849 | Slime:5  | Entered Level 5 of the Pits of Slime
 37610 | Slime:5  | Reached skill level 22 in Earth Magic
 37611 | Slime:5  | Noticed the Royal Jelly
 38097 | Slime:5  | Blown up by an eye of devastation

Vault maps used:
D:1:      minmay_arrival_stone_box
D:2:      fedhas_altar_1, first_ration
D:3:      kennysheep_path_1
D:4:      minmay_temple_entry_statues_pillars, gammafunk_ghost_smash,
          uniq_duvessa
D:5:      enter_ossuary_4, uniq_sigmund
D:6:      grunt_qazlal_clouds, uniq_crazy_yiuf_cottage, uniq_edmund
D:7:      okawaru_ov_weapons_minmay, uniq_harold, uniq_pikel
D:8:      lair_entry_dummy
D:9:      hangedman_cross_stitches, special_room
D:10:     minmay_klotski, orc_0_dummy, enter_trove_1, uniq_sonja
Temple:   compressed_dpeg_triangle_lava_temple
Lair:2:   beast_lair_carwin_11
Lair:3:   minmay_shoals_entry_centaurs, dummy_snake_entry, lemuel_fruit_fields,
          lemuel_fruit_tree, grunt_megastairs_3, uniq_urug
Lair:4:   beast_lair_carwin_2, grunt_megastairs_4
Lair:5:   minivault_24
Lair:6:   gammafunk_lair_ancient_temple, minmay_slime_entry_pillars, basic_altar
Shoals:1: cheibrodos_shoals_gigantism
Shoals:3: nicolae_shoals_so_close, uniq_polyphemus
Shoals:4: shoals_end_simple, serial_shops, nicolae_shop_trees
Snake:1:  serial_shops, nicolae_shop_behind_doors, hangedman_snake_pattern,
          minmay_shoptagon, uniq_josephine, uniq_louise
Snake:2:  basic_altar, grunt_megastairs_2, minmay_shop_grove
Snake:4:  snake_pit
Slime:1:  basic_altar
Slime:3:  basic_altar
Orc:2:    st_orc_rangers
Elf:1:    minmay_elf_arrival_summoners, special_room, evilmike_minifort,
          nicolae_elf_glass_and_crystal_pillar_1, lemuel_statue_altar,
          uniq_roxanne
Elf:2:    guppyfry_elf_castle
Elf:3:    grunt_elf_hall_asides
Ossuary:  ossuary_tomb_3

Skill      XL: |  1  2  3  4  5  6  7  8  9 10 11 12 13 14 15 16 17 18 19 20 |
---------------+-------------------------------------------------------------+-----
Earth Magic    | 4 5 6 7 9 10 12 14 16 18 20 21 22 | 22.2
Spellcasting   | 4 5 6 7 9 11 12 14 15 17 20 21 | 21.0
Dodging        | 6 11 14 | 14.5
Fighting       | 2 5 7 10 14 | 14.5
Shields        | 2 4 |  4.0
Translocations | 12 15 | 15.0
Stealth        | |  2.4
Transmutations | |  1.1

Action                   |  1- 3 |  4- 6 |  7- 9 | 10-12 | 13-15 | 16-18 | 19-21 || total
-------------------------+-------+-------+-------+-------+-------+-------+-------++-------
Melee: Unarmed           |     1 |       |       |       |       |       |       ||     1
       Dagger            |       |    17 |    73 |    84 |       |       |       ||   174
       Flail             |       |       |       |       |       |     2 |       ||     2
Throw: Stone             |       |       |     1 |       |       |       |       ||     1
 Cast: Sandblast         |    38 |    78 |    20 |    98 |    16 |       |       ||   250
       Stone Arrow       |     6 |     2 |    37 |    26 |     1 |       |       ||    72
       Lee's Rapid Decon |       |     2 |    50 |   216 |   352 |   183 |     1 ||   804
       Petrify           |       |     2 |     3 |    68 |    25 |     5 |       ||   103
       Passwall          |       |       |     1 |       |       |     1 |       ||     2
       Blink             |       |       |       |     1 |     8 |       |       ||     9
       Iron Shot         |       |       |       |       |    11 |    58 |    32 ||   101
       Shatter           |       |       |       |       |       |   114 |   194 ||   308
Evoke: Wand              |       |       |       |     3 |       |     2 |       ||     5
  Use: Scroll            |     2 |     4 |    14 |     9 |     9 |    20 |     1 ||    59
       Potion            |       |       |     1 |       |     2 |     1 |       ||     4
 Stab: Petrified         |       |    12 |     8 |    42 |       |       |       ||    62
       Petrifying        |       |     1 |     1 |     1 |       |       |       ||     3
       Sleeping          |       |       |     1 |       |       |       |       ||     1
  Eat: Chunk             |     1 |     6 |    14 |    31 |    20 |    21 |     4 ||    97
       Ration            |       |       |     2 |     3 |     1 |     3 |     5 ||    14
Armor: Robe              |     7 |     6 |    19 |    15 |     5 |     2 |     8 ||    62
Dodge: Dodged            |    26 |    16 |    64 |    80 |    16 |    49 |    45 ||   296
       Deflected         |       |       |       |     4 |     4 |    18 |    12 ||    38
Block: Buckler           |       |       |       |       |     3 |    20 |    13 ||    36

Table legend:
 A = Non-vault XP
 B = Vault XP
 C = Vault XP percentage of total XP
 D = Non-vault monster count
 E = Vault monster count
 F = Vault count percentage of total count
                 A         B        C        D         E       F
            +---------+---------+-------+---------+---------+-------
      Total |  335508 |  191450 |  36.3 |     845 |     345 |  29.0
            +---------+---------+-------+---------+---------+-------
        D:1 |       8 |       0 |   0.0 |       6 |       0 |   0.0
        D:2 |     168 |       0 |   0.0 |      18 |       0 |   0.0
        D:3 |     156 |       0 |   0.0 |      35 |       0 |   0.0
        D:4 |     330 |     802 |  70.8 |      14 |       5 |  26.3
        D:5 |     842 |     214 |  20.3 |      23 |       3 |  11.5
        D:6 |     184 |     206 |  52.8 |       5 |       2 |  28.6
        D:7 |     660 |    1694 |  72.0 |      15 |       2 |  11.8
        D:8 |     826 |       0 |   0.0 |      22 |       0 |   0.0
        D:9 |    2139 |    1100 |  34.0 |      36 |      30 |  45.5
       D:10 |     827 |     802 |  49.2 |      14 |       1 |   6.7
     Lair:1 |    7278 |       0 |   0.0 |      26 |       0 |   0.0
     Lair:2 |    8087 |    1276 |  13.6 |      35 |       6 |  14.6
     Lair:3 |    4414 |    2513 |  36.3 |      18 |       8 |  30.8
     Lair:4 |    3616 |    1552 |  30.0 |      12 |       6 |  33.3
     Lair:5 |    6267 |       0 |   0.0 |      16 |       0 |   0.0
     Lair:6 |    9378 |    9601 |  50.6 |      30 |      28 |  48.3
   Shoals:1 |   14231 |    4998 |  26.0 |      28 |       4 |  12.5
   Shoals:2 |   14380 |       0 |   0.0 |      27 |       0 |   0.0
   Shoals:3 |   18589 |    7003 |  27.4 |      38 |       7 |  15.6
   Shoals:4 |    8329 |   18165 |  68.6 |      17 |      28 |  62.2
    Snake:1 |   12327 |    3436 |  21.8 |      22 |       6 |  21.4
    Snake:2 |   20182 |    1230 |   5.7 |      34 |       2 |   5.6
    Snake:3 |   12128 |       0 |   0.0 |      24 |       0 |   0.0
    Snake:4 |   28125 |   28882 |  50.7 |      49 |      45 |  47.9
    Slime:1 |   14455 |       0 |   0.0 |      16 |       0 |   0.0
    Slime:2 |   26981 |       0 |   0.0 |      56 |       0 |   0.0
    Slime:3 |   23585 |       0 |   0.0 |      33 |       0 |   0.0
    Slime:4 |   28371 |       0 |   0.0 |      30 |       0 |   0.0
    Slime:5 |   18253 |    6008 |  24.8 |      24 |       5 |  17.2
      Orc:1 |    1589 |     393 |  19.8 |      31 |       3 |   8.8
      Orc:2 |    3354 |    4972 |  59.7 |      17 |      34 |  66.7
      Elf:1 |   12558 |   18973 |  60.2 |      21 |      35 |  62.5
      Elf:2 |    9884 |   31363 |  76.0 |      19 |      39 |  67.2
      Elf:3 |   23007 |   46114 |  66.7 |      34 |      30 |  46.9
    Ossuary |       0 |     153 | 100.0 |       0 |      16 | 100.0
            +---------+---------+-------+---------+---------+-------
